Map: 네온 바이올렛 스퀘어 - 래더

Players

herO

  • Race: Protoss Protoss
  • Spawn Location: 11:00

JinairRogue (Rogue) - Winner!

  • Race: Zerg Zerg
  • Spawn Location: 5:00

Event: 2018 Hangzhou StarCraft Carnival

VOD

Have the link to the VOD?

Description

Time

  • Played on: April 29, 2018, 1:29 a.m.
  • Length: 15:40

All games in this series

Show
View Real Time Build Order
Export as new Build Order

herO Protoss 

Build Orders: 1 Gate Expand, Oracle Opening, Phoenix Opening, Carriers 

Get SALT Encoding   

  12  0:00  Probe  
  13  0:13  Probe  
  14  0:18  Pylon  
  14  0:23  Probe  
  15  0:32  Probe  
  15  0:40  Probe  
  16  0:44  Gateway  
  16  0:47  Assimilator  
  17  0:51  Probe  
  18  1:03  Probe  
  19  1:16  Probe  
  20  1:26  Nexus  
  20  1:36  Cybernetics Core  
  20  1:39  Probe  
  21  1:44  Assimilator  
  21  1:51  Probe  
  22  1:55  Pylon  
  22  2:03  Probe  
  22  2:04  Adept  
  23  2:15  Probe  
  26  2:18  Stargate  
  26  2:25  Warp Gate  
  26  2:27  Probe  
  27  2:32  Adept  
  27  2:34  Probe  
  29  2:39  Probe  
  29  2:42  Probe  
  32  2:51  Probe  
  32  2:52  Probe  
  32  2:53  Phoenix  
  34  3:03  Probe  
  34  3:04  Probe  
  38  3:09  Oracle  
  38  3:16  Probe x2  
  43  3:20  Pylon  
  43  3:23  Assimilator  
  43  3:25  Assimilator  
  43  3:28  Probe x2  
  45  3:37  Gateway  
  45  3:41  Probe  
  45  3:42  Stargate  
  45  3:44  Probe  
  47  3:49  Probe  
  47  3:55  Pylon  
  48  3:56  Probe  
  48  3:59  Probe  
  48  4:00  Oracle  
  53  4:11  Probe  
  53  4:13  Pylon, Probe  
  55  4:19  Oracle  
  55  4:23  Probe  
  56  4:25  Probe  
  56  4:29  Oracle  
  62  4:43  Nexus  
  60  4:45  Pylon  
  60  4:46  Probe  
  60  4:47  Probe  
  62  4:55  Oracle  
  65  5:00  Probe x2  
  65  5:06  Oracle  
  70  5:09  Pylon  
  70  5:12  Probe x2  
  72  5:17  Assimilator x2  
  72  5:24  Zealot, Probe x2  
  76  5:36  Probe x2  
  76  5:50  Probe x2  
  76  5:51  Fleet Beacon, Zealot, Sentry  
  82  6:03  Probe x2  
  80  6:04  Probe  
  80  6:07  Stargate  
  81  6:13  Zealot  
  81  6:14  Zealot  
  81  6:15  Carrier  
  81  6:18  Carrier  
  85  6:23  Probe x3  
  83  6:35  Probe x3  
  98  6:44  Pylon x2  
  98  6:45  Carrier  
  98  6:50  Protoss Air Weapons Level 1  
  98  6:52  Graviton Catapult  
  98  7:02  Pylon x3  
  98  7:03  Zealot x2  
  108  7:13  Pylon  
  110  7:25  Carrier  
  110  7:29  Shield Battery, Probe, Nexus  
  108  7:30  Sentry  
  108  7:34  Carrier  
  112  7:53  Adept x2  
  116  7:58  Shield Battery  
  116  7:59  Shield Battery  
  116  8:00  Shield Battery  
  116  8:02  Carrier  
  117  8:18  Probe x3  
  120  8:27  Nexus  
  120  8:31  Pylon  
  120  8:45  Void Ray, Carrier  
  132  8:58  Shield Battery  
  132  9:00  Shield Battery  
  138  9:07  Shield Battery  
  138  9:09  Shield Battery  
  138  9:11  Probe x2  
  138  9:15  Protoss Air Weapons Level 2  
  140  9:18  Void Ray  
  140  9:23  Probe  
  141  9:28  Void Ray  
  141  9:29  Assimilator  
  145  9:34  Assimilator  
  149  9:46  Forge  
  149  9:53  Shield Battery  
  149  9:54  Shield Battery  
  143  10:01  Void Ray  
  143  10:05  Void Ray x2  
  147  10:07  Zealot  
  141  10:19  Adept  
  140  10:22  Probe x3  
  141  10:33  Adept  
  141  10:34  Probe  
  134  10:46  Mothership  
  139  10:54  Carrier  
  144  11:03  Nexus  
  146  11:05  Probe  
  146  11:09  Pylon  
  146  11:11  Sentry  
  149  11:13  Shield Battery  
  149  11:15  Pylon  
  149  11:16  Pylon  
  149  11:17  Shield Battery  
  149  11:25  Void Ray x2  
  149  11:27  Probe  
  149  11:34  Zealot x2  
  149  11:47  Pylon  
  149  11:48  Probe x2  
  149  11:49  Carrier  
  149  11:52  Protoss Air Weapons Level 3  
  147  11:58  Pylon  
  147  11:59  Carrier  
  147  12:00  Probe  
  147  12:01  Probe  
  155  12:11  Sentry x2  
  155  12:15  Probe x2  
  167  12:18  Pylon  
  167  12:21  Pylon  
  167  12:25  Carrier  
  167  12:27  Probe  
  174  12:37  Protoss Shields Level 1  
  174  12:42  Photon Cannon  
  174  12:44  Photon Cannon, Shield Battery  
  166  12:53  Probe x3  
  166  12:54  Sentry x2  
  171  13:05  Probe x2  
  173  13:11  Carrier  
  173  13:14  Carrier  
  173  13:15  Photon Cannon  
  172  13:22  Pylon  
  172  13:24  Pylon  
  103  13:51  Zealot  
  102  14:23  Sentry x2  
  106  14:36  Probe  
  107  14:46  Sentry x2  
  111  14:56  Nexus  
  105  15:22  Sentry x2  
Show
View Real Time Build Order
Export as new Build Order

JinairRogue Zerg - Winner!

Build Orders: Hatch First 

Get SALT Encoding   

  12  0:00  Drone  
  13  0:13  Overlord  
  13  0:17  Drone  
  14  0:31  Drone x2  
  16  0:50  Hatchery  
  16  0:52  Drone  
  16  0:55  Drone  
  17  0:59  Drone  
  18  1:09  Extractor  
  17  1:15  Spawning Pool  
  17  1:18  Drone  
  17  1:21  Drone  
  18  1:29  Drone  
  19  1:39  Drone  
  20  1:50  Drone  
  21  1:57  Hatchery  
  20  2:02  Drone x2  
  22  2:10  Queen  
  22  2:14  Drone  
  25  2:16  Drone  
  25  2:21  Metabolic Boost  
  26  2:27  Overlord  
  26  2:31  Zergling x2  
  26  2:34  Zergling x2  
  28  2:44  Queen  
  28  2:45  Zergling x2  
  28  2:47  Drone x2  
  33  2:53  Queen  
  35  2:59  Drone  
  36  3:10  Queen  
  36  3:11  Overlord  
  38  3:13  Drone x3  
  38  3:17  Drone  
  38  3:19  Overlord  
  41  3:27  Overlord  
  41  3:31  Drone x2  
  41  3:32  Drone  
  44  3:39  Drone x2  
  46  3:42  Spore Crawler, Drone  
  46  3:46  Spore Crawler  
  46  3:47  Spore Crawler  
  44  3:51  Lair  
  44  3:58  Drone x4  
  48  4:05  Drone x4  
  48  4:09  Extractor  
  51  4:11  Overlord  
  51  4:12  Drone  
  51  4:13  Drone  
  51  4:16  Drone x2  
  55  4:20  Drone  
  54  4:29  Drone x7  
  61  4:33  Overlord  
  61  4:34  Extractor  
  61  4:35  Extractor  
  61  4:37  Zergling x2  
  61  4:38  Zergling x4  
  62  4:48  Evolution Chamber  
  62  4:49  Hydralisk Den  
  62  4:50  Zergling x8  
  64  4:55  Zergling x6  
  67  5:03  Drone x2  
  67  5:05  Overlord  
  69  5:15  Drone x3  
  69  5:16  Overlord x2  
  69  5:17  Overlord  
  69  5:19  Overlord  
  72  5:27  Spore Crawler  
  71  5:28  Hydralisk  
  71  5:29  Hydralisk x3  
  71  5:32  Grooved Spines  
  78  5:36  Hydralisk x2  
  78  5:40  Hydralisk  
  83  5:46  Drone x4  
  83  5:48  Drone  
  82  5:50  Drone x2  
  82  6:01  Drone x6  
  86  6:06  Hydralisk  
  86  6:10  Hydralisk x2  
  92  6:13  Zerg Missile Weapons Level 1  
  92  6:15  Zergling x4  
  93  6:23  Drone x4  
  97  6:25  Infestation Pit  
  97  6:29  Drone  
  97  6:30  Drone, Extractor x2  
  97  6:32  Overlord  
  96  6:39  Spire  
  95  6:40  Drone x2  
  95  6:46  Drone  
  96  6:49  Hatchery  
  96  6:52  Spore Crawler  
  96  6:53  Spore Crawler  
  93  6:54  Spore Crawler  
  93  6:59  Hydralisk x4  
  100  7:02  Drone  
  100  7:03  Drone x2  
  103  7:08  Drone x2  
  103  7:09  Drone x2  
  103  7:12  Muscular Augments  
  103  7:13  Overlord  
  107  7:19  Overlord  
  107  7:23  Zergling x12  
  107  7:24  Zergling x2  
  114  7:30  Overlord  
  112  7:39  Queen  
  112  7:44  Overlord  
  112  7:52  Drone  
  112  7:53  Drone x11  
  124  7:59  Overlord x2  
  124  8:02  Zergling x2  
  124  8:03  Hatchery  
  124  8:04  Zergling x2  
  120  8:17  Spore Crawler, Queen  
  121  8:25  Zerg Flyer Weapons Level 1  
  121  8:29  Overseer  
  121  8:32  Corruptor  
  121  8:33  Corruptor x7  
  137  8:40  Corruptor x2  
  141  8:45  Corruptor x2  
  144  8:50  Corruptor  
  144  8:55  Corruptor x2  
  142  9:06  Drone, Extractor  
  142  9:07  Drone x6  
  142  9:09  Corruptor x2  
  152  9:23  Baneling Nest  
  151  9:26  Drone x2  
  151  9:28  Hydralisk  
  151  9:29  Hydralisk x4  
  163  9:35  Overseer  
  163  9:36  Overlord x2  
  163  9:39  Overseer x3  
  163  9:40  Hatchery  
  163  9:43  Hydralisk  
  163  9:44  Hydralisk x4  
  172  9:52  Zergling x18  
  181  9:53  Overlord  
  175  10:12  Corruptor x7  
  175  10:16  Zergling x14  
  182  10:27  Zergling x2  
  182  10:28  Zergling x14  
  181  10:29  Zergling x4  
  181  10:30  Centrifical Hooks  
  181  10:31  Zerg Flyer Weapons Level 2  
  181  10:33  Zergling x2  
  181  10:34  Zergling x6  
  180  10:37  Zergling x2  
  180  10:38  Zergling x8  
  178  10:45  Hydralisk x2  
  178  10:47  Hydralisk x3  
  178  10:49  Zergling x8  
  178  10:53  Drone x3  
  178  10:54  Drone  
  175  11:00  Overlord  
  175  11:10  Zerg Missile Weapons Level 2  
  175  11:13  Overlord  
  175  11:24  Hydralisk  
  175  11:25  Hydralisk x6  
  178  11:32  Corruptor  
  178  11:33  Corruptor, Overlord  
  178  11:36  Extractor x2  
  177  11:40  Hatchery, Hydralisk  
  177  11:41  Hydralisk  
  177  11:42  Zergling x18, Overlord  
  160  11:55  Corruptor x2  
  160  11:58  Zergling x28  
  174  12:05  Zergling x14  
  174  12:06  Zergling x2  
  182  12:12  Baneling x11  
  182  12:14  Zergling x2  
  182  12:15  Zergling x20  
  193  12:16  Zergling x2  
  193  12:17  Zergling x2  
  193  12:20  Baneling  
  193  12:22  Hatchery, Baneling x8  
  194  12:23  Zergling x6  
  194  12:29  Pneumatized Carapace  
  197  12:30  Zergling x2  
  197  12:33  Baneling x6  
  197  12:34  Baneling  
  198  12:38  Zergling x4  
  187  12:53  Overseer  
  187  12:54  Overseer, Hydralisk x6  
  187  12:55  Overseer x2  
  187  12:56  Zergling x2  
  187  12:57  Zergling x22  
  199  13:01  Baneling x5  
  199  13:10  Baneling  
  199  13:11  Baneling x7  
  199  13:16  Overseer  
  153  13:36  Corruptor x5  
  153  13:39  Hydralisk x2  
  153  13:40  Queen x7  
  153  13:41  Queen  
  159  13:42  Zergling x2  
  159  13:43  Zergling x8  
  159  13:45  Zergling x4  
  159  13:48  Drone x3  
  148  13:57  Hydralisk x6  
  145  14:12  Corruptor x4  
  145  14:15  Queen x2  
  145  14:16  Queen  
  158  14:27  Corruptor x4  
  166  14:33  Drone x2  
  166  14:34  Drone  
  166  14:35  Extractor  
  166  14:37  Zergling x2  
  166  14:38  Zergling x4  
  171  14:39  Hydralisk x5  
  171  14:40  Zergling x2  
  171  14:41  Zergling x8  
  182  14:51  Hydralisk x4  
  189  14:57  Hydralisk  
  189  14:58  Hydralisk x4  
  199  15:01  Overlord  
  194  15:16  Hydralisk  
  193  15:22  Overlord  
Tags
 
Add a new tag
Caveats
  • Supply blocks, unpowered buildings, or Contaminate may cause inaccurate times.
  • Supply counts are checked every 10 seconds.